 Dungeon Sprint DCSS version 0.30-a0-743-gbfdf073431 (webtiles) character file.

Game seed: 5627515123152621308

3600000 BigDaddyOpFi the Intangible (level 17, -29/94 HPs)
             Began as a Djinni Earth Elementalist on Feb 7, 2023.
             Annihilated by a bag of meat
             ... wielding a +9 war axe
              (37 damage)
             ... in the Dungeon (Sprint VIII: "Arena of Blood").
             The game lasted 00:01:37 (36 turns).

BigDaddyOpFi the Intangible (DjEE)                    Turns: 36, Time: 00:01:37

Health: -29/94     AC:  2    Str:  7    XL:     17   Next: 53%
Gold:   0          EV: 29    Int: 22    God:
                   SH:  0    Dex: 17

rFire   + + .      SeeInvis .    h - +∞ Axe of Woe
rCold   x . .      Faith    .    (shield currently unavailable)
rNeg    . . .      Spirit   .    a - +0 robe
rPois   ∞          Reflect  .    (no helmet)
rElec   .          Harm     .    (no cloak)
rCorr   .          Rampage  .    (no gloves)
Will    +....      NoTele   +    (boots unavailable)
Stlth   ++++++++++               (no amulet)
HPRegen 0.35/turn                i - +30 ring of slaying
MPRegen 0.00/turn                j - +30 ring of slaying

@: flying, hasted, very quick
A: sickness immunity, fire resistance 2, cold vulnerability 1, float, innate
caster, HP casting, extra vitality 1
a: no special abilities


You were in the Dungeon.
You visited 1 branch

Inventory:

Hand Weapons
 h - the +∞ Axe of Woe (weapon)
   (You found it in the Dungeon)
Armour
 a - a +0 robe (worn)
Jewellery
 i - a +30 ring of slaying (left hand)
 j - a +30 ring of slaying (right hand)
Scrolls
 g - a scroll of blinking
Potions
 b - 3 potions of magic
 c - a potion of curing
 f - a potion of berserk rage


   Skills:
 O Level 27 Dodging
 O Level 27 Stealth
 + Level 26.2 Spellcasting


You had 26 spell levels left.
You knew the following spells:

 Your Spells              Type           Power      Damage    Failure   Level
a - Sandblast             Erth           100%       2d20      0%          1
b - Passwall              Tmut/Erth      80%        N/A       0%          2
c - Stone Arrow           Conj/Erth      100%       3d13      0%          3
d - Petrify               Tmut/Erth      97%        N/A       0%          4
e - Beastly Appendage     Tmut           100%       N/A       0%          1
f - Static Discharge      Conj/Air       100%       2-7/arc   0%          2
g - Vhi's Electric Charg  Tloc/Air       100%       N/A       0%          3
h - Sticky Flame          Conj/Fire      97%        2d11      0%          4
i - Yara's Violent Unrav  Hex/Tmut       48%        3d19      0%          5
j - Irradiate             Conj/Tmut      48%        3d27      0%          5
k - Starburst             Conj/Fire      48%        6d13      0%          6
l - Eringya's Noxious Bo  Tmut/Pois      48%        N/A       0%          6
Your spell library was empty.

Dungeon Overview and Level Annotations

Branches:
Dungeon (1/1)

Altars:
Makhleb


Innate Abilities, Weirdness & Mutations

You are immune to sickness and miasma.
You are immune to poison.
Your flesh is very heat resistant. (rF++)
You are vulnerable to cold. (rC-)
You float through the air rather than walking.
You learn spells naturally, not from books.
Your magical power is your life essence.
You have superior vitality. (+4 MHP)


Message History

The bag of meat convulses! x4; The large bag of meat convulses!
Flame seeps out of the large bag of meat.
The bag of meat convulses! x3; The meat berserker convulses!
The bag of meat convulses! x2
A large bag of meat comes into view. It is wielding a +9 giant spiked club.
A meat berserker comes into view. It is wielding a +9 battleaxe.
The destroyer points at you and mumbles some strange words.
The destroyer blinks!
The meat berserker rages.
The large bag of meat is engulfed in blazing flames.
You hear a shout!
A meat berserker comes into view. It is wielding a +9 battleaxe.
You hear a shout! x2
The destroyer casts a spell at you.
The destroyer blinks!
The destroyer gestures at you while chanting.
The destroyer blinks!
You hear a shout!
You hear two shouts!
You hear a shout!
Your Spellcasting skill gained 3 levels and is now at level 26!
Unknown command.
Okay, then.
You slice the meat berserker!!
You pulverise the meat berserker into a thin bloody mist.
You kill the meat berserker!
You slice the bag of meat like a ripe choko!!!
You pulverise the bag of meat into a thin bloody mist.
You kill the bag of meat!
You hear a shout! x7
A bag of meat comes into view. It is wielding a +9 war axe. x2
You hear a shout! x4
The destroyer gestures at you while chanting.
The destroyer blinks!
The destroyer points at you and mumbles some strange words.
The destroyer blinks!
You hear a shout!
A bag of meat comes into view. It is wielding a +9 war axe.
You hear a shout!
A bag of meat comes into view. It is wielding a +9 war axe.
The bag of meat hits you with a +9 war axe!!!
You die... #...#§. .ooOo.. .....#.
V.OooOo...

o.....§ ...........
..O§..o .OVo..... #
..o.o #ooo....# ..o#§o.
#.......# ..
#.o§..O###.......###...
...V..V@oO..###........
....#.zO...O._°)....o..
. #V...oD.#.....#..
..V...V...#_.<)_#
..#Oo.....#..)..#
.oO.#...§.O.._§.......
°o.o........###.......
o......###... ...###..
.... #... ...# .


You could see an eight-headed meat hydra, 5 destroyers, a sculptor of flesh, 3
large bags of meat, 5 meat berserkers and 14 bags of meat.

Vanquished Creatures
  6 ogres (D)
  12 orcs (D)
18 creatures vanquished.

Notes
Turn   | Place    | Note
-------+----------+-------------------------------------------
     0 | D        | Found the +∞ Axe of Woe
     0 | D        | BigDaddyOpFi the Djinni Earth Elementalist began the quest
                  | for the Orb.
     0 | D        | BigDaddyOpFi set off with the following spells memorised:
                  | Sandblast, Passwall, Stone Arrow, Petrify.
     0 | D        | Reached XP level 1. HP: 15/15 MP: 0/0
     2 | D        | Noticed a bag of meat
     2 | D        | Noticed a bag of meat
     4 | D        | Noticed a bag of meat
     4 | D        | Noticed a bag of meat
     5 | D        | Noticed a bag of meat
     6 | D        | Noticed a bag of meat
     8 | D        | Noticed a bag of meat
     9 | D        | Noticed a bag of meat
    10 | D        | Killed a bag of meat
    10 | D        | Killed a bag of meat
    10 | D        | Killed a bag of meat
    11 | D        | Reached skill level 15 in Spellcasting
    11 | D        | Reached XP level 2. HP: 21/21 MP: 0/0
    11 | D        | Reached XP level 3. HP: 25/25 MP: 0/0
    11 | D        | Learned a level 1 spell: Beastly Appendage
    11 | D        | Reached XP level 4. HP: 31/31 MP: 0/0
    11 | D        | Reached XP level 5. HP: 35/35 MP: 0/0
    11 | D        | Learned a level 2 spell: Static Discharge
    11 | D        | Reached XP level 6. HP: 40/40 MP: 0/0
    11 | D        | Reached XP level 7. HP: 45/45 MP: 0/0
    11 | D        | Learned a level 3 spell: Vhi's Electric Charge
    11 | D        | Reached XP level 8. HP: 50/50 MP: 0/0
    11 | D        | Reached XP level 9. HP: 55/55 MP: 0/0
    11 | D        | Learned a level 4 spell: Sticky Flame
    11 | D        | Reached XP level 10. HP: 60/60 MP: 0/0
    11 | D        | Reached XP level 11. HP: 65/65 MP: 0/0
    11 | D        | Learned a level 5 spell: Yara's Violent Unravelling
    11 | D        | Reached XP level 12. HP: 70/70 MP: 0/0
    11 | D        | Reached XP level 13. HP: 75/75 MP: 0/0
    11 | D        | Learned a level 5 spell: Irradiate
    11 | D        | Killed a bag of meat
    11 | D        | Killed a bag of meat
    11 | D        | Noticed a bag of meat
    12 | D        | Reached XP level 14. HP: 70/80 MP: 0/0
    12 | D        | Killed a bag of meat
    12 | D        | Noticed a meat berserker
    13 | D        | Killed a meat berserker
    13 | D        | Killed a bag of meat
    13 | D        | Killed a bag of meat
    14 | D        | Reached XP level 15. HP: 19/85 MP: 0/0
    14 | D        | Learned a level 6 spell: Starburst
    15 | D        | Reached skill level 27 in Dodging
    15 | D        | Noticed a meat berserker
    18 | D        | Noticed a large bag of meat
    20 | D        | Killed a meat berserker
    21 | D        | Reached XP level 16. HP: 20/90 MP: 0/0
    23 | D        | Noticed a meat berserker
    23 | D        | Noticed a meat berserker
    26 | D        | Noticed a large bag of meat
    26 | D        | Noticed a destroyer
    28 | D        | Noticed a meat berserker
    28 | D        | Noticed a destroyer
    28 | D        | Noticed an eight-headed meat hydra
    29 | D        | Noticed a destroyer
    30 | D        | Noticed a large bag of meat
    30 | D        | Noticed a large bag of meat
    30 | D        | Noticed a meat berserker
    30 | D        | Noticed a meat berserker
    31 | D        | Noticed a meat berserker
    31 | D        | Noticed a destroyer
    31 | D        | Noticed a meat berserker
    31 | D        | Noticed a meat berserker
    32 | D        | Noticed a destroyer
    32 | D        | Noticed a meat berserker
    33 | D        | Noticed a meat berserker
    34 | D        | Noticed a destroyer
    34 | D        | Killed a meat berserker
    34 | D        | Noticed a large bag of meat
    35 | D        | Reached skill level 27 in Stealth
    35 | D        | Reached XP level 17. HP: 12/94 MP: 0/0
    35 | D        | Learned a level 6 spell: Eringya's Noxious Bog
    35 | D        | Noticed a sculptor of flesh
    35 | D        | Killed a meat berserker
    35 | D        | Killed a meat berserker
    35 | D        | Noticed a large bag of meat
    35 | D        | Noticed a meat berserker
    35 | D        | Noticed a meat berserker
    36 | D        | Killed a meat berserker
    36 | D        | Annihilated by a bag of meat

Illustrated notes

Levels and vault maps discovered:
D:        meatsprint

Skill      XL: |  1  2  3  4  5  6  7  8  9 10 11 12 13 14 15 16 17 |
---------------+----------------------------------------------------+-----
Dodging        | 20 22 26 27 | 27.0
Stealth        | 17 19 22 25 27 | 27.0
Spellcasting   | 15 16 19 21 23 26 | 26.2

Action                     |  1- 3 |  4- 6 |  7- 9 | 10-12 | 13-15 | 16-18 || total
---------------------------+-------+-------+-------+-------+-------+-------++-------
  Melee: Executioner's axe |     1 |       |       |       |     5 |     3 ||     9
   Cast: Vhi's Electric Ch |       |       |       |       |     1 |       ||     1
         Petrify           |       |       |       |       |       |     2 ||     2
         Starburst         |       |       |       |       |       |     1 ||     1
    Use: Potion            |       |       |       |       |       |     2 ||     2
  Dodge: Dodged            |       |       |       |       |       |     1 ||     1

Table legend: (Time is in decaauts)
 A = Elapsed time spent in this place.
 B = Non-inter-level travel time spent in this place.
 C = Inter-level travel time spent in this place.
 D = Time resting spent in this place.
 E = Time spent auto-exploring this place.
 F = Levels seen in this place.
 G = Mean time per level.
                   A        B        C        D        E       F      G
               +--------+--------+--------+--------+--------+-----+--------+
         Total |     37 |     37 |      0 |      0 |      0 |   1 |   37.0 |
       Dungeon |     37 |     37 |      0 |      0 |      0 |   1 |   37.0 |
               +--------+--------+--------+--------+--------+-----+--------+

Top non-repeatable levels by time:
       D: 37 daAuts
